 Dungeon Crawl Stone Soup version 0.15-a0-1345-gc375f20 (webtiles) character file.

2179 nsdk123 the Skirmisher (level 9, -1/74 HPs)
             Began as a Centaur Fighter on June 8, 2014.
             Slain by ilii's ghost (26 damage)
             ... on Level 8 of the Dungeon on June 9, 2014.
             The game lasted 00:27:10 (5880 turns).

nsdk123 the Skirmisher (Centaur Fighter)            Turns: 5880, Time: 00:27:11

HP  -1/74        AC  9     Str 23      XL: 9   Next: 11%
MP   7/7         EV  9     Int  7      God:
Gold 340         SH 10     Dex  8      Spells:  0 memorised,  8 levels left

rFire  + . .     SeeInvis .     u - +0 war axe
rCold  + . .     Clarity  .     g - +0 scale mail
rNeg   . . .     rCorr    .     c - +0 shield
rPois  +         rRot     .     n - +0 helmet
rElec  +         Spirit   .     (no cloak)
SustAb +         Warding  .     B - +0 pair of gloves
rMut   .         Stasis   .     (no barding)
Gourm  .                        (no amulet)
MR     .....                    x - +3 ring of evasion
                                o - ring of sustain abilities

@: resistant, very quick, not resistant to hostile enchantments, extremely
unstealthy
A: hooves 3, deformed body, speed 2, tough skin 3
a: no special abilities


You were on level 8 of the Dungeon.
You were not hungry.

You visited 1 branch of the dungeon, and saw 8 of its levels.

You collected 340 gold pieces.

Inventory:

Hand weapons
 a - a +0,+0 war axe
 u - a +0,+0 war axe (weapon)
 v - a +1,+1 vampiric hand axe
Armour
 b - a +0 scale mail
 c - a +0 shield (worn)
 g - a +0 scale mail (worn)
 n - a +0 helmet (worn)
 B - a +0 pair of gloves (worn)
Comestibles
 d - a fruit
 j - a meat ration
 A - 4 rotting chunks of black bear flesh
Scrolls
 e - 2 scrolls of identify
 l - a scroll of recharging {unknown}
 p - 2 scrolls of remove curse
 q - 2 scrolls of teleportation
 t - a scroll of enchant weapon I {unknown}
 y - 2 scrolls of enchant armour {unknown}
 z - a scroll of blinking
Jewellery
 m - an uncursed ring of teleportation
 o - a ring of sustain abilities (left hand)
 w - an uncursed ring of magical power
 x - a +3 ring of evasion (right hand)
Potions
 f - a potion of curing
 h - a potion of restore abilities {unknown}
 i - a potion of flight {unknown}
 k - 2 potions of paralysis {unknown}
 s - a potion of poison {unknown}


   Skills:
 + Level 5.4 Fighting
 + Level 4.2 Axes
 + Level 4.5 Armour
 + Level 4.4 Dodging
 + Level 0.8 Stealth
 + Level 5.2 Shields


You had 8 spell levels left.
You didn't know any spells.

Dungeon Overview and Level Annotations

Branches:
Dungeon (8/15)             Temple (0/1) D:6
   Lair: D:8-11

Altars:
Ashenzari
Trog
The Shining One

Annotations:
D:6 exclusion: oklob sapling
D:8 ilii's ghost, experienced HOFi


Innate Abilities, Weirdness & Mutations

You have hooves in place of feet.
Armour fits poorly on your strangely shaped body.
You cover ground very quickly.
You have extremely tough skin (AC +3).


Message History

You hit ilii's ghost. You kick ilii's ghost.
Ilii's ghost is lightly damaged.
Ilii's ghost hits you!!
You hit ilii's ghost but do no damage. You kick ilii's ghost.
Ilii's ghost is lightly damaged.
Ilii's ghost hits you! You block ilii's ghost's attack.
You slash ilii's ghost! Your kick misses ilii's ghost.
Ilii's ghost is lightly damaged.
You block ilii's ghost's attack.
A goliath beetle comes into view.
You slash ilii's ghost!
Ilii's ghost is moderately damaged.
Ilii's ghost hits you! You block ilii's ghost's attack.
You slash ilii's ghost! Your kick misses ilii's ghost.
Ilii's ghost is heavily damaged.
Ilii's ghost hits you but does no damage.
You hit ilii's ghost but do no damage.
Ilii's ghost is heavily damaged.
Ilii's ghost hits you!!
You die...

. #.## ...#
#..# ..# ..#
# #.#
....##.#.#
.......W@#
...###.....#
#B###.# #.
.# # #


You could see a goliath beetle and ilii's ghost.

Vanquished Creatures
  Grinder (D:3)
  The ghost of ElvenKing the Ducker, an average FeMo (D:6)
  A hippogriff (D:6)
  Eustachio (D:6)
  3 centaurs
  A black bear (D:7)
  An orc warrior (D:5)
  2 ogres (D:6)
  2 giant frogs (D:7)
  4 scorpions
  A jelly (D:5)
  A crimson imp (D:7)
  A quasit (D:7)
  2 orc priests
  An iguana (D:6)
  A hound (D:5)
  4 orc wizards
  2 worker ants
  Ijyb (D:3)
  Terence (D:3)
  6 adders
  A gnoll (D:5)
  2 shadow imps (D:5)
  3 worms
  11 orcs
  20 bats
  2 giant cockroaches
  12 goblins
  14 hobgoblins
  9 kobolds
  4 quokkas
  2 ball pythons
  4 giant geckos
  5 giant newts
  2 jackals (D:5)
  A jackal zombie (D:5)
  A kobold skeleton (D:6)
  5 rats
  A rat zombie (D:6)
137 creatures vanquished.

Notes
Turn   | Place    | Note
--------------------------------------------------------------
     0 | D:1      | nsdk123, the Centaur Fighter, began the quest for the Orb.
     0 | D:1      | Reached XP level 1. HP: 19/19 MP: 1/1
   170 | D:1      | Reached XP level 2. HP: 26/26 MP: 2/2
   744 | D:2      | Reached XP level 3. HP: 22/31 MP: 3/3
  1270 | D:3      | Noticed Terence
  1283 | D:3      | Killed Terence
  1283 | D:3      | Reached XP level 4. HP: 30/38 MP: 3/3
  1358 | D:3      | Noticed Ijyb
  1380 | D:3      | Killed Ijyb
  1380 | D:3      | Reached skill level 1 in Dodging
  1430 | D:3      | Found a bloodstained altar of Trog.
  1736 | D:3      | Noticed Grinder
  1752 | D:3      | Killed Grinder
  1752 | D:3      | Reached XP level 5. HP: 23/46 MP: 4/4
  1752 | D:3      | Reached XP level 6. HP: 26/52 MP: 5/5
  2310 | D:5      | Entered Level 5 of the Dungeon
  2537 | D:5      | Reached skill level 4 in Fighting
  2748 | D:5      | Reached XP level 7. HP: 49/59 MP: 5/5
  3688 | D:6      | Noticed ElvenKing's ghost (average FeMo)
  3720 | D:6      | Killed ElvenKing's ghost
  3720 | D:6      | Reached XP level 8. HP: 22/67 MP: 6/6
  4038 | D:6      | Found a glowing golden altar of the Shining One.
  4124 | D:6      | Found a staircase to the Ecumenical Temple.
  4229 | D:6      | Noticed Eustachio
  4262 | D:6      | Killed Eustachio
  4551 | D:6      | Reached skill level 5 in Fighting
  4551 | D:6      | Reached skill level 5 in Shields
  5121 | D:7      | Reached XP level 9. HP: 37/74 MP: 7/7
  5833 | D:7      | Found a shattered altar of Ashenzari.
  5873 | D:8      | Noticed ilii's ghost (experienced HOFi)
  5880 | D:8      | Slain by ilii's ghost

Action                   |  1- 3 |  4- 6 |  7- 9 || total
-------------------------+-------+-------+-------++-------
Melee: War axe           |   126 |    96 |   238 ||   460
  Use: Scroll            |     6 |       |     2 ||     8
       Potion            |       |     2 |     6 ||     8
